 Dungeon Crawl Stone Soup version 0.30-a0-571-gdf30a72648 (webtiles) character file.

Game seed: 7295437068952233531

35777 bobo the Eclecticist (level 13, -4/82 HPs)
             Began as a Deep Elf Fire Elementalist on Dec 29, 2022.
             Was an Elder of Vehumet.
             Slain by a molten gargoyle
             ... wielding a +0 morningstar
              (21 damage)
             ... on level 5 of the Lair of Beasts.
             The game lasted 01:11:52 (18112 turns).

bobo the Eclecticist (Deep Elf Fire Elementalist)  Turns: 18112, Time: 01:11:52

Health: -4/82      AC: 11    Str:  5    XL:     13   Next: 49%
Magic:  10/34      EV: 23    Int: 26    God:    Vehumet [****..]
Gold:   708        SH:  5    Dex: 15    Spells: 8/42 levels left

rFire   + . .      SeeInvis .    h - staff of fire
rCold   . . .      Faith    .    (no shield)
rNeg    . . .      Spirit   .    y - +0 leather armour of Reray {Will+ Stlth+}
rPois   .          Reflect  +    (no helmet)
rElec   .          Harm     .    p - +0 cloak
rCorr   .          Rampage  .    (no gloves)
Will    ++...                    E - +2 pair of boots
Stlth   +++                      M - amulet of reflection
HPRegen 0.33/turn                G - +5 ring of evasion
MPRegen 0.24/turn                K - +4 ring of protection

@: about to teleport
A: no striking features
a: Renounce Religion


You were on level 5 of the Lair of Beasts.
You worshipped Vehumet.
Vehumet was greatly pleased with you.
You visited 3 branches of the dungeon, and saw 14 of its levels.
You also visited: Ossuary and Volcano.

You collected 1008 gold pieces.
You spent 300 gold pieces at shops.

Inventory:

Hand Weapons
 c - a +0 dagger of flaming
 C - a +0 dagger of holy wrath
Missiles
 m - a throwing net
Armour
 a - the +0 ring mail of Gestures {rElec Dex+3}
   (You found it on level 7 of the Dungeon)

   Dex:       It affects your dexterity (+3).
   rElec:     It insulates you from electricity.
 p - a +0 cloak (worn)
 y - the +0 leather armour of Reray (worn) {Will+ Stlth+}
   (You found it on level 5 of the Dungeon)

   Will:      It increases your willpower.
   Stlth:     It makes you more stealthy.
 z - an orb of guile
 E - a +2 pair of boots (worn)
 O - +0 steam dragon scales
Magical Staves
 h - a staff of fire (weapon)
Jewellery
 f - an amulet of the acrobat
 k - an amulet of regeneration
 s - a ring of wizardry
 G - a +5 ring of evasion (left hand)
 K - a +4 ring of protection (right hand)
 M - an amulet of reflection (around neck)
 R - a ring of ice
Wands
 j - a wand of charming (19)
 u - a wand of mindburst (5)
 A - a wand of polymorph (2)
 B - a wand of digging (10)
 N - a wand of iceblast (7)
 U - a wand of quicksilver (8)
Scrolls
 e - a scroll of vulnerability
 g - a scroll of teleportation
 o - 3 scrolls of enchant weapon
 q - a scroll of fog {unknown}
 v - 2 scrolls of poison
 D - a scroll of amnesia {unknown}
 I - 2 scrolls of silence
 J - 2 scrolls of immolation {unknown}
 L - 2 scrolls of identify
 S - a scroll of blinking {unknown}
Potions
 b - a potion of brilliance {unknown}
 d - 4 potions of haste
 l - 3 potions of berserk rage
 n - 4 potions of flight {unknown}
 t - 4 potions of attraction {unknown}
 w - 4 potions of curing
 x - 2 potions of ambrosia {unknown}
 F - a potion of lignification {unknown}
 H - a potion of mutation {unknown}
 Q - 2 potions of invisibility {unknown}
Miscellaneous
 P - a phantom mirror
 T - a condenser vane


   Skills:
 + Level 10.0 Fighting
 + Level 14.2 Dodging
 - Level 2.4 Stealth
 + Level 15.1 Spellcasting
 - Level 4.3 Conjurations
 - Level 6.0 Hexes
 + Level 3.9 Necromancy
 - Level 10.0 Fire Magic
 - Level 5.0 Poison Magic


You had 8 spell levels left.
You knew the following spells:

 Your Spells              Type           Power      Damage    Failure   Level
a - Scorch                Fire           100%       2d10      1%          2
b - Shock                 Conj/Air       100%       1d9       1%          1
c - Cause Fear            Hex            25%        N/A       3%          4
d - Inner Flame           Hex/Fire       75%        N/A       1%          3
e - Animate Dead          Necr           40%        N/A       9%          4
f - Dazzling Flash        Conj/Hex       92%        N/A       1%          3
g - Freeze                Ice            76%        1d8       1%          1
h - Borgnjor's Vile Clut  Necr/Erth      14%        N/A       50%         5
p - Foxfire               Conj/Fire      100%       2x1d9     1%          1
q - Poisonous Vapours     Pois/Air       64%        N/A       1%          2
w - Olgreb's Toxic Radia  Pois           45%        N/A       1%          4
x - Flame Wave            Conj/Fire      71%        2d16      1%          4

Your spell library contained the following spells:

 Spells                   Type           Power      Damage    Failure   Level
 Kiss of Death            Conj/Necr      100%       2d13      1%          1
 Necrotise                Necr           100%       1d9       1%          1
 Slow                     Hex            100%       N/A       1%          1
 Sting                    Tmut/Pois      100%       1d8       1%          1
 Confusing Touch          Hex            50%        N/A       1%          3
 Kindle Blastsparks       Fire/Tloc/Air  100%       2d18      1%          3
 Vampiric Draining        Necr           40%        2d8       2%          3
 Beastly Appendage        Tmut           38%        N/A       4%          1
 Frozen Ramparts          Ice            38%        1d6       4%          3
 Dispel Undead            Necr           40%        3d16      9%          4
 Agony                    Necr           40%        N/A       26%         5
 Ice Form                 Ice/Tmut       19%        N/A       41%         4
 Summon Ice Beast         Ice/Summ       19%        N/A       41%         4
 Death Channel            Necr           20%        N/A       80%         6
 Dragon Form              Tmut           9%         N/A       100%        7
 Dragon's Call            Summ           9%         N/A       100%        9


Dungeon Overview and Level Annotations

Branches:
Dungeon (8/15)             Temple (1/1) D:6            Lair (5/5) D:8
 Shoals (0/4) Lair:2       Spider (0/4) Lair:3        Slime (0/5) Lair:4
Ossuary (visited)         Volcano (visited)

Altars:
Ashenzari
Cheibriados
Dithmenos
Elyvilon
Fedhas
Gozag
Hepliaklqana
Kikubaaqudgha
Makhleb
Nemelex Xobeh
Okawaru
Qazlal
Ru
Sif Muna
Uskayaw
Vehumet
Wu Jian
Xom
Yredelemnul
Zin
The Shining One
Jiyva

Shops:
D:3 =

Annotations:
D:5 2 transporters, olddryhag's ghost, novice DsGl
Lair:5 2 runed translucent doors


Message History

Casting: Inner Flame (safe; 1% risk of failure)
Confirm with . or Enter, or press ? or * to list all spells.
You can't see any susceptible monsters within range! (Use Z to cast anyway.) Unknown command.
You feel much better.
Your surroundings suddenly seem different. 4 komodo dragons, a steam dragon, a six-headed hydra and a black mamba come into view.
Found a large runed translucent door.
The komodo dragon hisses angrily. x2; The six-headed hydra roars!
The black mamba hisses angrily.
The komodo dragon hisses angrily. x2
Okay, then.
As you read the scroll of fear, it crumbles to dust.
You assume a fearsome visage.
The komodo dragon looks frightened!
The komodo dragon resists with some effort.
The komodo dragon looks frightened! x2; The steam dragon looks frightened!
The steam dragon hisses angrily.
The six-headed hydra looks frightened!
The black mamba looks frightened!
A molten gargoyle comes into view. It is wielding a +0 morningstar.
You block the komodo dragon's attack.
Cornered, the black mamba turns to fight!
Found four items.
Cornered, the komodo dragon turns to fight!
Found a scroll of noise and 35 gold pieces.
The komodo dragon closely misses you. You block the black mamba's attack.
The komodo dragon seems to regain its courage.
The black mamba bites you. The komodo dragon bites you!!
* * * LOW HITPOINT WARNING * * *
The black mamba barely misses you.
The molten gargoyle blasts magma at you!
The bolt of magma misses you.
As you read the scroll of teleportation, it crumbles to dust.
You feel strangely unstable. The black mamba barely misses you.
You block the komodo dragon's attack. The black mamba barely misses you.
As you read the scroll of fear, it crumbles to dust.
You assume a fearsome visage.
The molten gargoyle is unaffected.
The komodo dragon looks frightened! x3; The six-headed hydra looks frightened!
The black mamba looks frightened!
Cornered, the komodo dragon turns to fight!
The molten gargoyle hits you with a +0 morningstar!!
You die...

###.#.## ≈≈ #8#..##
≈##.. # #.#..##
≈≈l#....S# ≈§≈# ≈≈
##...# §........##
≈≈≈ ≈.. ##...#
§.........##≈# ####
P...##
..........≈≈# ...(#
....#
#l.D.....≈≈≈#....|$
....#
##....l.....+....D?
....#
##.....9.l.+.....$
....#
#8....@.#≈≈#....$$
....#
##....###≈§##...?#
....## #8#8#.
#≈≈≈###### .....#
###### .§≈≈§≈≈≈≈≈
#....# ..#≈≈≈≈###
#....## ##...≈§..
#.....## ....#§..
##.....## #.......#


You could see a six-headed hydra (fleeing), 4 komodo dragons, a black mamba
(fleeing) and a molten gargoyle.

Vanquished Creatures
  A hydra (D:8)
  3 two-headed ogres (D:8)
  A catoblepas (Lair:5)
  A boulder beetle (Lair:5)
  4 death yaks
  Sonja (Lair:5)
  Urug (Lair:5)
  Pikel (D:8)
  A salamander (Volcano)
  2 manticores
  11 elephants
  4 black mambas
  2 torpor snails (Lair:5)
  7 komodo dragons
  13 cane toads
  Maggie (Lair:1)
  2 rime drakes
  A hellwing (D:8)
  A troll (D:8)
  2 hornets
  3 polar bears
  12 blink frogs
  Prince Ribbit (D:8)
  9 dream sheep
  7 wyverns
  15 yaks
  5 basilisks
  A steam dragon (Lair:4)
  Duvessa (D:5)
  12 water moccasins
  A black bear (D:8)
  An orc warrior (D:8)
  An ice beast (D:5)
  A sky beast (D:8)
  4 ogres
  A torpor snail zombie (Lair:5)
  3 centaurs
  A lemure (D:8)
  3 phantoms
  4 kobold brigands
  An elf zombie (D:8)
  3 necrophages
  14 bullfrogs
  3 scorpions
  5 wights (D:8)
  Dowan (D:5)
  6 killer bees (D:8)
  5 electric eels
  2 howler monkeys (D:8)
  An orc priest (D:7)
  5 human zombies
  2 hounds
  4 jellies
  3 iguanas
  7 hell rats (Lair:2)
  4 orc wizards
  2 hound zombies (Ossuary)
  4 mummies (Ossuary)
  4 adders (D:3)
  A shadow imp (D:6)
  A white imp (D:6)
  An adder zombie (Ossuary)
  A worm (D:5)
  A dart slug (D:2)
  19 orcs
  9 endoplasms
  4 giant cockroaches
  5 goblins
  5 hobgoblins
  4 jackals (D:5)
  19 kobolds
  5 quokkas
  3 ball pythons
  11 bats
  4 frilled lizards
  A gnoll zombie (Ossuary)
  2 hobgoblin zombies (Ossuary)
  A jackal zombie (Ossuary)
  2 orc skeletons (D:8)
  2 orc zombies
  3 rats
  A rat zombie (Ossuary)
  A bush (Lair:2)
328 creatures vanquished.

Vanquished Creatures (collateral kills)
  A blink frog zombie (Lair:5)
  26 foxfires
27 creatures vanquished.

Vanquished Creatures (others)
  A blink frog zombie (Lair:5)
  A komodo dragon zombie (Lair:5)
  A torpor snail zombie (Lair:5)
  1033 foxfires
  40 fungi
  120 plants
1196 creatures vanquished.

Grand Total: 1551 creatures vanquished

Notes
Turn   | Place    | Note
-------+----------+-------------------------------------------
     0 | D:1      | bobo the Deep Elf Fire Elementalist began the quest for the
                  | Orb.
     0 | D:1      | Reached XP level 1. HP: 10/10 MP: 6/6
   189 | D:1      | Reached XP level 2. HP: 15/15 MP: 4/8
   193 | D:1      | Learned a level 2 spell: Scorch
   879 | D:1      | Reached XP level 3. HP: 19/19 MP: 7/10
   883 | D:1      | Learned a level 3 spell: Inner Flame
  1718 | D:2      | Found a faded altar of an unknown god.
  2257 | D:2      | Reached skill level 4 in Spellcasting
  2534 | D:3      | Reached XP level 4. HP: 24/24 MP: 9/12
  2539 | D:3      | Learned a level 4 spell: Flame Wave
  2698 | D:3      | Found a basalt altar of Yredelemnul.
  2758 | D:3      | Found Luxou's Jewellery Boutique.
  2916 | D:4      | Noticed a necrophage
  2920 | D:4      | Killed a necrophage
  2921 | D:4      | Reached XP level 5. HP: 24/28 MP: 4/14
  3037 | D:4      | Noticed a phantom
  3044 | D:4      | Killed a phantom
  3045 | D:4      | Reached skill level 5 in Spellcasting
  3050 | D:4      | Noticed an ogre
  3134 | D:4      | Noticed an ogre
  3139 | D:4      | Killed an ogre
  3140 | D:4      | Reached skill level 5 in Fire Magic
  3140 | D:4      | Reached XP level 6. HP: 32/32 MP: 6/16
  3210 | D:4      | Found a snail-covered altar of Cheibriados.
  3503 | D:4      | Reached skill level 6 in Spellcasting
  3621 | D:4      | Reached skill level 1 in Hexes
  3621 | D:4      | Reached XP level 7. HP: 36/36 MP: 10/18
  3979 | D:5      | Entered Level 5 of the Dungeon
  3987 | D:5      | Identified the +0 leather armour of Reray {Will+ Stlth+}
  4047 | D:5      | Noticed Dowan
  4078 | D:5      | Found a transporter.
  4079 | D:5      | Noticed olddryhag's ghost (novice DsGl)
  4094 | D:5      | Found a transporter.
  4209 | D:5      | Noticed Duvessa
  4215 | D:5      | Killed Duvessa
  4217 | D:5      | Killed Dowan
  4218 | D:5      | Reached skill level 7 in Spellcasting
  4242 | D:5      | Reached skill level 1 in Fighting
  4877 | D:6      | Reached XP level 8. HP: 43/43 MP: 16/21
  5010 | D:6      | Learned a level 2 spell: Poisonous Vapours
  5216 | D:6      | Reached skill level 8 in Spellcasting
  5278 | D:6      | Noticed a manticore
  5338 | D:6      | Killed a manticore
  5339 | D:6      | Reached skill level 5 in Dodging
  5522 | D:6      | Reached XP level 9. HP: 51/51 MP: 17/23
  5526 | D:6      | Reached skill level 1 in Poison Magic
  5634 | D:6      | Found a staircase to the Ecumenical Temple.
  5638 | D:6      | Found a glowing silver altar of Zin.
  5646 | Temple   | Entered the Ecumenical Temple
  6059 | D:7      | Identified the +0 ring mail of Gestures {rElec Dex+3}
  6383 | D:7      | Found a glowing golden altar of the Shining One.
  6385 | D:7      | Found a shadowy altar of Dithmenos.
  6699 | D:7      | Found an ancient bone altar of Kikubaaqudgha.
  7102 | D:8      | Learned a level 4 spell: Olgreb's Toxic Radiance
  7223 | D:8      | Found a sand-covered staircase.
  7228 | Ossuary  | Entered an ossuary
  7239 | Ossuary  | Reached skill level 5 in Fighting
  7847 | D:8      | Found a radiant altar of Vehumet.
  7855 | D:8      | Became a worshipper of Vehumet
  7870 | D:8      | Reached XP level 10. HP: 59/59 MP: 17/24
  8056 | D:8      | Noticed a two-headed ogre
  8079 | D:8      | Killed a two-headed ogre
  8143 | D:8      | Reached skill level 9 in Spellcasting
  8261 | D:8      | Noticed Pikel
  8438 | D:8      | Noticed Prince Ribbit
  8440 | D:8      | Killed Prince Ribbit
  8613 | D:8      | Noticed a manticore
  8623 | D:8      | Killed a manticore
  8814 | D:8      | Noticed a two-headed ogre
  8826 | D:8      | Killed a two-headed ogre
  8846 | D:8      | Killed Pikel
  8847 | D:8      | Reached skill level 10 in Spellcasting
  8847 | D:8      | Reached skill level 5 in Poison Magic
  9096 | D:8      | Identified the +0 chain mail of Parts Unknown {rN++ Stlth+}
  9187 | D:8      | Found a staircase to the Lair.
  9191 | Lair:1   | Entered Level 1 of the Lair of Beasts
  9191 | Lair:1   | Noticed a cane toad
  9200 | Lair:1   | Killed a cane toad
  9201 | Lair:1   | Reached XP level 11. HP: 65/66 MP: 7/27
  9469 | D:8      | Reached skill level 10 in Dodging
  9554 | D:8      | Got the Opusculum on Mutable Curses
  9671 | D:8      | Reached * piety under Vehumet
  9671 | D:8      | Offered knowledge of Shock by Vehumet.
  9674 | D:8      | Learned a level 1 spell: Shock
 10002 | D:3      | Bought an amulet of reflection for 300 gold pieces
 10129 | D:8      | Noticed a five-headed hydra
 10137 | D:8      | Killed a five-headed hydra
 10167 | D:8      | Noticed a two-headed ogre
 10172 | D:8      | Killed a two-headed ogre
 10445 | Lair:1   | Noticed Maggie
 10455 | Lair:1   | Killed Maggie
 10456 | Lair:1   | Reached skill level 11 in Spellcasting
 10769 | Lair:1   | Identified the +10 mace "Icletzit" {antimagic, rN+}
 10779 | Lair:1   | Learned a level 4 spell: Cause Fear
 10795 | Lair:1   | Reached skill level 10 in Fire Magic
 11573 | Lair:2   | Reached ** piety under Vehumet
 11573 | Lair:2   | Offered knowledge of Freeze by Vehumet.
 11575 | Lair:2   | Reached skill level 5 in Hexes
 11579 | Lair:1   | Learned a level 1 spell: Freeze
 11907 | Lair:2   | Found a staircase to the Shoals.
 12128 | Lair:2   | Noticed a death yak
 12135 | Lair:2   | Noticed a death yak
 12136 | Lair:2   | Noticed a death yak
 12181 | Lair:2   | Killed a death yak
 12184 | Lair:2   | Killed a death yak
 12186 | Lair:2   | Killed a death yak
 12187 | Lair:2   | Reached skill level 12 in Spellcasting
 12352 | Lair:2   | Noticed a fire dragon
 12551 | Lair:3   | Reached XP level 12. HP: 73/73 MP: 28/30
 12588 | Lair:3   | Found a dark tunnel.
 12631 | Volcano  | Entered a volcano
 12807 | Volcano  | HP: 3/73 [salamander/+0 halberd (4)]
 13568 | Lair:3   | Found a hole to the Spider Nest.
 14017 | Lair:3   | Reached skill level 13 in Spellcasting
 14291 | Lair:4   | Offered knowledge of Mephitic Cloud by Vehumet.
 14452 | Lair:3   | Reached *** piety under Vehumet
 15235 | Lair:4   | Reached skill level 14 in Spellcasting
 15518 | Lair:4   | Found a viscous altar of Jiyva.
 15518 | Lair:4   | Found a staircase to the Slime Pits.
 15833 | Lair:5   | Entered Level 5 of the Lair of Beasts
 16069 | Lair:5   | Reached XP level 13. HP: 80/80 MP: 26/33
 16092 | Lair:5   | Offered knowledge of Dazzling Flash by Vehumet.
 16097 | Lair:5   | Learned a level 3 spell: Dazzling Flash
 16133 | Lair:5   | Noticed Sonja
 16141 | Lair:5   | Killed Sonja
 16436 | Lair:4   | Learned a level 4 spell: Animate Dead
 16445 | Lair:5   | Reached skill level 1 in Necromancy
 16550 | Lair:5   | Noticed Urug
 16560 | Lair:5   | Killed Urug
 17205 | Lair:5   | Reached skill level 15 in Spellcasting
 17211 | Lair:5   | Learned a level 5 spell: Borgnjor's Vile Clutch
 17554 | Lair:5   | Reached skill level 10 in Fighting
 17745 | Lair:5   | Reached **** piety under Vehumet
 18100 | Lair:5   | Found a large runed translucent door.
 18100 | Lair:5   | Found a large runed translucent door.
 18105 | Lair:5   | Noticed a fire dragon
 18112 | Lair:5   | Slain by a molten gargoyle

Illustrated notes

Levels and vault maps discovered:
D:1:      saegor_arrival_simple_e, layout_basic, st_stairs_7, hex_large,
          minmay_pentomino_w2
D:2:      layout_loops_corners, shapermc_ecumenical_altar_mp_ritualfount,
          minmay_misc_feat_x, minmay_misc_feat_doors
D:3:      layout_rooms, lemuel_crystal_altar, serial_shops, shop
D:4:      layout_basic, mainiacjoe_overflow_boulevard,
          hangedman_decor_clover_reticule, minmay_box_of_dots
D:5:      layout_loops_ring, gammafunk_ghost_stat_death, uniq_duvessa
D:6:      layout_cave_pools, mainiacjoe_overflow_alcove_1,
          minmay_temple_entry_drinking_statues, minmay_three_doors
D:7:      layout_cave_pools, general_overflow_altar,
          mainiacjoe_overflow_small_starburst,
          mainiacjoe_overflow_surrounded_room
D:8:      layout_basic, old_standard_altar, grunt_lair_entry_orc_guard_hut,
          serial_corexii_hall, chequers_hall_statues_corner_a,
          chequers_hall_statues_y, corexii_hall_statues_x,
          corexii_hall_statues_i, nicolae_ossuary_entry_catacombs,
          hangedman_decor_riveting, minmay_pinched_square, uniq_prince_ribbit1,
          uniq_pikel
Temple:   jpeg_temple_clearing
Lair:1:   layout_regular_city, uniq_maggie
Lair:2:   dragon1_lemuel, layout_cave_pods, shoals_dummy_entry,
          serial_bayou_shore_a
Lair:3:   layout_regular_city, dummy_spider_entry,
          nicolae_volcano_entry_two_sided
Lair:4:   layout_gridlike, dpeg_slime_entry_enclosed
Lair:5:   cheibrodos_lair_end_hotspot, layout_layer_cave, serial_bayou,
          serial_bayou_pond_b, serial_bayou_pond_c, serial_bayou_pond_c,
          serial_bayou_crossing, serial_bayou_lagoon_a, serial_bayou_shore_b,
          serial_bayou_shore_b, uniq_nessos, uniq_sonja, uniq_urug

Skill      XL: |  1  2  3  4  5  6  7  8  9 10 11 12 13 |
---------------+----------------------------------------+-----
Conjurations   | 2 3 4 |  4.3
Spellcasting   | 4 5 6 7 8 10 12 14 15 | 15.1
Fire Magic     | 4 5 6 7 8 9 10 | 10.0
Hexes          | 1 3 4 6 |  6.0
Fighting       | 1 3 5 6 7 9 10 | 10.0
Dodging        | 3 5 8 9 11 13 14 | 14.2
Poison Magic   | 3 5 |  5.0
Necromancy     | 3 |  3.9
Stealth        | |  2.4

Action                   |  1- 3 |  4- 6 |  7- 9 | 10-12 | 13-15 || total
-------------------------+-------+-------+-------+-------+-------++-------
Melee: Unarmed           |     6 |       |       |       |       ||     6
       Dagger            |     5 |       |       |       |       ||     5
       Staff             |       |       |       |    17 |     1 ||    18
 Cast: Foxfire           |    74 |    42 |   169 |   248 |    73 ||   606
       Scorch            |    15 |    16 |    68 |   171 |    52 ||   322
       Inner Flame       |       |     2 |     6 |    12 |     3 ||    23
       Poisonous Vapours |       |       |     8 |    30 |    15 ||    53
       Flame Wave        |       |       |     2 |     8 |     5 ||    15
       Olgreb's Toxic Ra |       |       |       |    17 |    10 ||    27
       Freeze            |       |       |       |    12 |       ||    12
       Cause Fear        |       |       |       |    11 |     1 ||    12
       Animate Dead      |       |       |       |       |     4 ||     4
Evoke: Wand              |       |       |       |     5 |       ||     5
  Use: Potion            |       |       |     3 |     2 |     2 ||     7
       Scroll            |       |       |     8 |     5 |     5 ||    18
Armor: Robe              |     2 |       |       |       |       ||     2
       Leather armour    |       |       |     3 |    27 |     8 ||    38
Dodge: Dodged            |     6 |     5 |    30 |   139 |    62 ||   242
Block: Other             |       |       |       |    33 |    12 ||    45

Table legend: (Time is in decaauts)
 A = Elapsed time spent in this place.
 B = Non-inter-level travel time spent in this place.
 C = Inter-level travel time spent in this place.
 D = Time resting spent in this place.
 E = Time spent auto-exploring this place.
 F = Levels seen in this place.
 G = Mean time per level.
                   A        B        C        D        E       F      G
               +--------+--------+--------+--------+--------+-----+--------+
         Total |  18158 |  17421 |    737 |   1750 |  12670 |  16 | 1134.9 |
       Dungeon |   9811 |   9312 |    499 |    684 |   7107 |   8 | 1226.4 |
        Temple |    117 |    103 |     14 |      0 |     88 |   1 |  117.0 |
          Lair |   7766 |   7542 |    224 |    851 |   5366 |   5 | 1553.2 |
       Ossuary |    283 |    283 |      0 |    128 |    109 |   1 |  283.0 |
       Volcano |    178 |    178 |      0 |     87 |      0 |   1 |  178.0 |
               +--------+--------+--------+--------+--------+-----+--------+

Top non-repeatable levels by time:
     D:8: 2316 daAuts
  Lair:5: 2292 daAuts
  Lair:3: 1837 daAuts
     D:7: 1379 daAuts
     D:1: 1357 daAuts
  Lair:2: 1324 daAuts
  Lair:4: 1207 daAuts
     D:4: 1159 daAuts
  Lair:1: 1105 daAuts
     D:6: 1060 daAuts
     D:2: 1003 daAuts
     D:5: 924 daAuts
     D:3: 609 daAuts
 Ossuary: 283 daAuts
 Volcano: 178 daAuts
